 Dungeon Crawl Stone Soup version 0.31-a0-188-g5e087ee2ca (webtiles) character file.

Game seed: 15176318713523452802

9265 qw the Markself (level 11, -7/64 HPs)
             Began as a Deep Elf Hunter on June 23, 2023.
             Was a Believer of Okawaru.
             Mangled by a black mamba (14 damage)
             ... on level 1 of the Lair of Beasts.
             The game lasted 00:03:07 (8265 turns).

qw the Markself (Deep Elf Hunter)                   Turns: 8265, Time: 00:03:08

Health: -7/64      AC: 12    Str:  8    XL:     11   Next: 20%
Magic:  15/16      EV: 18    Int: 15    God:    Okawaru [**....]
Gold:   125        SH:  0    Dex: 23    Spells: 10/10 levels left

rFire   + + .        n - +0 arbalest of Fragile Peace {freeze, Dex+5}
rCold   + . .        (shield currently unavailable)
rNeg    . . .        d - +1 ring mail "Xubaid" {*Slow rElec rF+++ Str-4}
rPois   +            k - +0 helmet
rElec   +            (no cloak)
rCorr   .            i - +1 pair of gloves {Stlth+}
SInv    .            e - +0 pair of boots
Will    +....        (no amulet)
Stlth   ++++         b - ring of poison resistance
HPRegen 0.30/turn    o - ring of ice
MPRegen 0.15/turn

%: slow self (1%)
@: lethally poisoned (-7 -> -12), heroic
A: no striking features
a: Renounce Religion, Heroism


You were on level 1 of the Lair of Beasts.
You worshipped Okawaru.
Okawaru was pleased with you.
You visited 3 branches of the dungeon, and saw 11 of its levels.
You also visited: Sewer.

You collected 587 gold pieces.
You spent 462 gold pieces at shops.


   Skills:
 + Level 5.9(10.9) Fighting
 - Level 18.0(23.0) Ranged Weapons
 - Level 3.0(8.0) Armour
 - Level 8.2(13.2) Dodging
 - Level 1.2(6.2) Stealth
 - Level 4.1 Invocations


You had 10 spell levels left.
You didn't know any spells.
Your spell library was empty.

Inventory:

Hand Weapons
 n - the +0 arbalest of Fragile Peace (weapon) {freeze, Dex+5}
   (You took it off an orc on level 8 of the Dungeon)

   Dex:       It affects your dexterity (+5).
Armour
 a - +0 acid dragon scales
 d - the +1 ring mail "Xubaid" (worn) {*Slow rElec rF+++ Str-4}
   (You bought it in a shop on level 8 of the Dungeon)

   Str:       It affects your strength (-4).
   rF:        It renders you almost immune to fire.
   rElec:     It insulates you from electricity.
   *Slow:     It may slow you when you take damage.
 e - a +0 pair of boots (worn)
 i - a +1 pair of gloves of stealth (worn)
 k - a +0 helmet (worn)
Jewellery
 b - a ring of poison resistance (left hand)
 o - a ring of ice (right hand)
Scrolls
 m - a scroll of identify
Potions
 c - 3 potions of enlightenment
 f - 4 potions of curing
 g - 2 potions of haste
 h - a potion of might
 l - a potion of resistance

Dungeon Overview and Level Annotations

Branches:
Dungeon (8/15)             Temple (1/1) D:7            Lair (2/5) D:8
  Sewer (visited)
  Swamp: Lair:2-3    Shoals: Lair:2-3     Snake: Lair:2-3    Spider: Lair:2-3

Altars:
Ashenzari
Cheibriados
Dithmenos
Elyvilon
Fedhas
Gozag
Kikubaaqudgha
Makhleb
Nemelex Xobeh
Okawaru
Qazlal
Ru
Sif Muna
Trog
Uskayaw
Vehumet
Wu Jian
Yredelemnul
Zin
The Shining One

Shops:
D:4 (   D:8 [

Annotations:
D:8 1 runed translucent door, qw's ghost, novice NaHu
Lair:1 exclusion: 3 centaurs


Message History

As you read the scroll of identify, it crumbles to dust.
p - a potion of brilliance
8252 ||| IDENTIFYING viscous black potion Partly explored, can't reach some places.
8253 ||| DROPPING potion of brilliance.
You drop a potion of brilliance.
Partly explored, can't reach some places.
(D) Dungeon (T) Temple (L) Lair
Where to? (* - list waypoints, Enter - Lair:1, ? - help)
What level of the Lair of Beasts? (default 1, ? - help)
There is a stone staircase leading down here.
You climb downwards.
Found a scroll of revelation and a club.
There is a stone staircase leading up here.
There are monsters nearby!
Waypoint 11 assigned to Lair:2.
8260 ||| INVOKING Heroism.
You gain the combat prowess of a mighty hero.
You shoot a bolt. The bolt hits the death yak!!
The bolt freezes the death yak!
The death yak bellows!
The death yak is heavily wounded.
The death yak bellows!
The black mamba hisses angrily.
The death yak bellows!
The death yak gores you!
The death yak bellows!
You shoot a bolt. The bolt hits the death yak!
The bolt freezes the death yak.
The death yak is severely wounded.
The black mamba bites you.
You are poisoned.
The black mamba poisons you!
The death yak gores you but does no damage.
The death yak misses you. The death yak gores you!! The black mamba bites you!
8263 ||| STAIRDANCE You feel very sick.
The black mamba misses you. The death yak barely misses you.
You climb upwards.
Level annotation: exclusion: 3 centaurs You feel very sick.
There is a stone staircase leading down here.
You shoot a bolt. The bolt hits the death yak!!
The bolt freezes the death yak!
The death yak is almost dead.
You feel sick. The black mamba bites you!
You die...

#.............# #....#.....
#.............## #....####..
#.####P##P###.P# ##..........
#.# ###### #.## #...##.##... #.#
#!# #..+.....#.. #.#
#.#####.P.....P.. #.### ####
#..##............
#...###..####Y......#.....#..
####..........Y@Y......#.....#..
#.#.........###S#.......+#.##...
#.........### ####..............
#.........# #...###........
#P######.## #...###........ ###
#.# #....###....... #.####
#...## #....... ###.##~## #...#
#....... #######..~~~..## ##...#
##.......


You could see 3 death yaks and a black mamba.

Vanquished Creatures
  Sonja (Lair:1)
  Pikel (D:7)
  A black mamba (Lair:1)
  4 cane toads (Lair:1)
  3 komodo dragons
  2 kobold demonologists (D:8)
  6 yaks (Lair:1)
  An acid dragon (D:6)
  4 water moccasins
  3 sky beasts
  3 black bears
  An orc warrior (D:6)
  An ice beast (D:8)
  2 ogres
  11 wolves
  2 centaurs (Lair:1)
  A lemure (D:7)
  4 phantoms
  3 kobold brigands
  4 bullfrogs
  Blork the orc (D:4)
  7 wights (D:8)
  A howler monkey (D:6)
  A centaur zombie (D:7)
  2 hounds
  3 jellies
  A gnoll bouda (D:7)
  2 orc priests
  A sleepcap (D:6)
  4 iguanas
  2 orc wizards
  A killer bee zombie (D:7)
  Robin (D:3)
  13 gnolls
  6 adders
  6 river rats
  2 white imps (D:8)
  4 ufetubi
  3 worms
  A dart slug (D:4)
  17 orcs
  9 endoplasms
  3 giant cockroaches
  8 goblins
  13 hobgoblins
  14 jackals
  2 quokkas
  9 ball pythons
  6 bats
  A frilled lizard (D:1)
  14 kobolds
  10 rats
226 creatures vanquished.

Notes
Turn   | Place    | Note
-------+----------+-------------------------------------------
     0 | D:1      | qw the Deep Elf Hunter began the quest for the Orb.
     0 | D:1      | Reached XP level 1. HP: 12/12 MP: 3/3
     0 | D:1      | 0 ||| qw: Version: 0.3-a-9-g12657ce
     0 | D:1      | 0 ||| qw: Game counter: 4335
     0 | D:1      | 0 ||| qw: Always use a shield: true
     0 | D:1      | 0 ||| qw: God list: Okawaru
     0 | D:1      | 0 ||| qw: Allow faded altars: false
     0 | D:1      | 0 ||| qw: Do Orc after D:15 true
     0 | D:1      | 0 ||| qw: Do second Lair branch before Depths: true
     0 | D:1      | 0 ||| qw: Lair rune preference: random
     0 | D:1      | 0 ||| qw: Plans: Normal
     0 | D:1      | 0 ||| PLANNING D:1-11
    57 | D:1      | Reached skill level 6 in Ranged Weapons
    57 | D:1      | Reached XP level 2. HP: 16/16 MP: 4/4
   627 | D:1      | Reached XP level 3. HP: 20/20 MP: 5/5
   766 | D:1      | 766 ||| UPGRADING to +0 pair of boots.
   771 | D:1      | 771 ||| READING scroll labelled NATONA HOEGUUN.
   772 | D:1      | 772 ||| DRINKING 2 sedimented black potions.
   773 | D:1      | 773 ||| DROPPING scroll of butterflies.
   820 | D:2      | Reached skill level 7 in Ranged Weapons
   881 | D:2      | Found a faded altar of an unknown god.
   949 | D:2      | Reached XP level 4. HP: 25/25 MP: 6/6
  1434 | D:2      | 1434 ||| UPGRADING to +0 ring mail.
  1444 | D:2      | 1444 ||| DROPPING +0 leather armour.
  1445 | D:2      | 1445 ||| UPGRADING to ring of poison resistance.
  1446 | D:2      | 1446 ||| READING scroll labelled JER QEATULA.
  1446 | D:2      | Identified a scroll of acquirement
  1446 | D:2      | 1446 ||| ACQUIRING +0 hand crossbow of freezing
  1446 | D:2      | Acquired a +0 hand crossbow of freezing
  1448 | D:2      | 1448 ||| SWAPPING to +0 hand crossbow of freezing.
  1449 | D:2      | 1449 ||| DROPPING +0 shortbow.
  1450 | D:2      | 1450 ||| READING scroll labelled WIEXUBUAGY.
  1479 | D:3      | 1479 ||| PLANNING SEWER
  1516 | D:3      | Reached skill level 8 in Ranged Weapons
  1528 | D:3      | Found a glowing drain.
  1538 | Sewer    | Entered a sewer
  1542 | Sewer    | Reached XP level 5. HP: 19/29 MP: 7/7
  1545 | Sewer    | HP: 7/29 [rat (2)]
  1660 | Sewer    | 1660 ||| Stepping ~*~*~tactically~*~*~ (water).
  1678 | Sewer    | 1678 ||| Stepping ~*~*~tactically~*~*~ (water).
  1682 | Sewer    | Reached skill level 9 in Ranged Weapons
  1683 | Sewer    | 1683 ||| Stepping ~*~*~tactically~*~*~ (water).
  1693 | Sewer    | Reached XP level 6. HP: 36/36 MP: 8/8
  1740 | Sewer    | Found a white marble altar of Elyvilon.
  1784 | D:3      | 1784 ||| PLANNING D:1-11
  1830 | D:3      | Noticed Robin
  1839 | D:3      | HP: 9/36 [Robin/goblin (2)]
  1840 | D:3      | 1840 ||| DRINKING 2 potions of heal wounds.
  1844 | D:3      | Killed Robin
  2392 | D:3      | 2392 ||| UPGRADING to +0 helmet.
  2397 | D:3      | 2397 ||| READING scroll labelled QURYPULURPH.
  2398 | D:3      | 2398 ||| READING scroll labelled ZARPHOPTEASE.
  2463 | D:3      | 2463 ||| READING scroll labelled YRADEDE PALAWN.
  2464 | D:3      | 2464 ||| READING scroll labelled QIS NEPRACWEXA.
  2492 | D:4      | 2492 ||| STAIRDANCE
  2513 | D:4      | Noticed a sky beast
  2520 | D:4      | Killed a sky beast
  2521 | D:4      | Reached skill level 1 in Armour
  2590 | D:4      | Noticed Blork the orc
  2591 | D:4      | 2591 ||| Stepping ~*~*~tactically~*~*~ (outnumbered).
  2593 | D:4      | 2593 ||| Stepping ~*~*~tactically~*~*~ (outnumbered).
  2598 | D:4      | Killed Blork the orc
  2599 | D:4      | Reached skill level 10 in Ranged Weapons
  2599 | D:4      | Reached XP level 7. HP: 40/40 MP: 9/9
  2673 | D:4      | Reached skill level 3 in Dodging
  2846 | D:4      | Reached skill level 11 in Ranged Weapons
  2928 | D:4      | Found Demnur's Weapon Shoppe.
  3182 | D:4      | 3182 ||| DROPPING +6 ring of intelligence.
  3183 | D:4      | 3183 ||| READING scroll labelled GUR IZISSITTIPSI.
  3198 | D:5      | Entered Level 5 of the Dungeon
  3203 | D:5      | 3203 ||| STAIRDANCE
  3371 | D:5      | Reached skill level 12 in Ranged Weapons
  3372 | D:5      | Reached skill level 3 in Fighting
  3372 | D:5      | Reached XP level 8. HP: 27/46 MP: 10/10
  3752 | D:5      | Found a blossoming altar of Fedhas.
  3887 | D:5      | 3887 ||| DROPPING scarf of shadows.
  3888 | D:5      | 3888 ||| DRINKING 2 lumpy puce potions.
  3889 | D:5      | 3889 ||| READING 2 scrolls of identify.
  3889 | D:5      | 3889 ||| IDENTIFYING fizzy red potion
  3890 | D:5      | 3890 ||| DROPPING potion of attraction.
  4018 | D:6      | 4018 ||| FLEEEEING.
  4114 | D:6      | Reached skill level 13 in Ranged Weapons
  4347 | D:6      | Reached skill level 14 in Ranged Weapons
  4348 | D:6      | HP: 8/46 [orc/+0 trident (5)]
  4349 | D:6      | 4349 ||| READING scroll of teleportation.
  4350 | D:6      | 4350 ||| DRINKING potion of heal wounds.
  4594 | D:6      | 4594 ||| UPGRADING to +0 acid dragon scales.
  4604 | D:6      | 4604 ||| DROPPING +0 ring mail.
  4623 | D:7      | Reached XP level 9. HP: 50/50 MP: 11/11
  4730 | D:7      | Found a basalt altar of Yredelemnul.
  4776 | D:7      | Noticed Pikel
  4779 | D:7      | Killed Pikel
  4780 | D:7      | Reached skill level 15 in Ranged Weapons
  4878 | D:7      | Found a sparkling altar of Nemelex Xobeh.
  5040 | D:7      | 5040 ||| Stepping ~*~*~tactically~*~*~ (outnumbered).
  5040 | D:7      | Found a staircase to the Ecumenical Temple.
  5041 | D:7      | 5041 ||| PLANNING TEMPLE
  5041 | D:7      | 5041 ||| READING scroll labelled CAOVVO GIOGUI.
  5042 | D:7      | 5042 ||| DRINKING 2 bubbling silvery potions.
  5074 | D:7      | 5074 ||| DROPPING potion of lignification.
  5082 | Temple   | Entered the Ecumenical Temple
  5174 | Temple   | 5174 ||| PLANNING OKAWARU WORSHIP
  5262 | Temple   | Became a worshipper of Warmaster Okawaru
  5263 | Temple   | 5263 ||| PLANNING D:1-11
  5498 | D:7      | 5498 ||| READING scroll labelled FYVAPR ADONN.
  5499 | D:7      | 5499 ||| READING scroll labelled HIQIPRAXTE.
  5500 | D:7      | 5500 ||| READING 2 scrolls of identify.
  5500 | D:7      | 5500 ||| IDENTIFYING smoky blue potion
  5501 | D:7      | 5501 ||| DROPPING potion of berserk rage.
  5522 | D:8      | Found Wimatwut's Antique Armour Emporium.
  5529 | D:8      | 5529 ||| BUYING brightly glowing ring mail (252 gold).
  5529 | D:8      | Bought a brightly glowing ring mail for 252 gold pieces
  5529 | D:8      | Identified the +1 ring mail "Xubaid" {*Slow rElec rF+++
                  | Str-4} (You bought it in a shop on level 8 of the Dungeon)
  5529 | D:8      | 5529 ||| SHOPLISTING pair of glowing gloves (210 gold, have
                  | 207).
  5539 | D:8      | Reached skill level 6 in Dodging
  5617 | D:8      | Noticed a kobold demonologist
  5620 | D:8      | Noticed a kobold demonologist
  5621 | D:8      | Noticed a red devil
  5623 | D:8      | Noticed an orange demon
  5625 | D:8      | Killed a kobold demonologist
  5641 | D:8      | Killed a kobold demonologist
  5642 | D:8      | Reached skill level 16 in Ranged Weapons
  5940 | D:8      | HP: 8/51 [wight/+0 dagger (5)]
  5941 | D:8      | 5941 ||| READING scroll of teleportation.
  5944 | D:8      | Found a runed translucent door.
  5961 | D:8      | Reached * piety under Okawaru
  6173 | D:8      | 6173 ||| INVOKING Heroism.
  6180 | D:8      | HP: 12/51 [poisoned by a water moccasin]
  6188 | D:8      | 6188 ||| FLEEEEING.
  6189 | D:8      | 6189 ||| FLEEEEING.
  6190 | D:8      | 6190 ||| FLEEEEING.
  6197 | D:8      | 6197 ||| BUYING pair of glowing gloves (210 gold).
  6197 | D:8      | Bought a pair of glowing gloves for 210 gold pieces
  6275 | D:8      | 6275 ||| FLEEEEING.
  6276 | D:8      | 6276 ||| STAIRDANCE
  6317 | D:7      | 6317 ||| UPGRADING to +1 ring mail "Xubaid" {*Slow rElec
                  | rF+++ Str-4}.
  6327 | D:7      | 6327 ||| UPGRADING to +1 pair of gloves of stealth.
  6332 | D:7      | 6332 ||| DROPPING +1 hat.
  6333 | D:7      | 6333 ||| UPGRADING to ring of ice.
  6334 | D:7      | 6334 ||| READING 2 scrolls of identify.
  6334 | D:7      | 6334 ||| IDENTIFYING pink potion
  6370 | D:8      | Found a staircase to the Lair.
  6378 | D:8      | Reached XP level 10. HP: 55/56 MP: 12/12
  6381 | D:8      | 6381 ||| INVOKING Heroism.
  6445 | D:8      | Identified the +0 arbalest of Fragile Peace {freeze, Dex+5}
  6448 | D:8      | 6448 ||| FLEEEEING.
  6456 | D:8      | 6456 ||| FLEEEEING.
  6457 | D:8      | 6457 ||| FLEEEEING.
  6461 | D:8      | 6461 ||| FLEEEEING.
  6462 | D:8      | 6462 ||| FLEEEEING.
  6463 | D:8      | 6463 ||| FLEEEEING.
  6464 | D:8      | 6464 ||| FLEEEEING.
  6465 | D:8      | 6465 ||| FLEEEEING.
  6466 | D:8      | 6466 ||| FLEEEEING.
  6467 | D:8      | 6467 ||| FLEEEEING.
  6468 | D:8      | 6468 ||| FLEEEEING.
  6469 | D:8      | 6469 ||| FLEEEEING.
  6470 | D:8      | 6470 ||| FLEEEEING.
  6511 | D:8      | 6511 ||| SWAPPING to +0 arbalest of Fragile Peace {freeze,
                  | Dex+5}.
  6512 | D:8      | 6512 ||| DROPPING +0 hand crossbow of freezing.
  6517 | D:8      | Noticed qw's ghost (novice NaHu)
  6518 | D:8      | Noticed a cyclops
  6735 | D:8      | 6735 ||| READING scroll labelled FOOLLAO TIUFRA.
  6736 | D:8      | 6736 ||| PLANNING LAIR
  6786 | Lair:1   | Entered Level 1 of the Lair of Beasts
  6788 | Lair:1   | Reached skill level 17 in Ranged Weapons
  6788 | Lair:1   | Reached skill level 1 in Invocations
  6795 | Lair:1   | 6795 ||| STAIRDANCE
  6801 | D:8      | 6801 ||| INVOKING Heroism.
  6983 | Lair:1   | Noticed Sonja
  6997 | Lair:1   | Killed Sonja
  6998 | Lair:1   | Reached skill level 3 in Invocations
  7004 | Lair:1   | 7004 ||| FLEEEEING.
  7007 | Lair:1   | 7007 ||| FLEEEEING.
  7008 | Lair:1   | 7008 ||| FLEEEEING.
  7009 | Lair:1   | 7009 ||| STAIRDANCE
  7136 | Lair:1   | Reached ** piety under Okawaru
  7196 | Lair:1   | 7196 ||| FLEEEEING.
  7197 | Lair:1   | 7197 ||| FLEEEEING.
  7198 | Lair:1   | 7198 ||| FLEEEEING.
  7199 | Lair:1   | 7199 ||| FLEEEEING.
  7200 | Lair:1   | 7200 ||| FLEEEEING.
  7201 | Lair:1   | 7201 ||| FLEEEEING.
  7202 | Lair:1   | 7202 ||| FLEEEEING.
  7203 | Lair:1   | 7203 ||| FLEEEEING.
  7204 | Lair:1   | 7204 ||| FLEEEEING.
  7205 | Lair:1   | 7205 ||| FLEEEEING.
  7206 | Lair:1   | 7206 ||| FLEEEEING.
  7207 | Lair:1   | 7207 ||| FLEEEEING.
  7208 | Lair:1   | 7208 ||| FLEEEEING.
  7231 | Lair:1   | 7231 ||| INVOKING Heroism.
  7259 | Lair:1   | 7259 ||| INVOKING Heroism.
  7263 | Lair:1   | HP: 11/56 [wolf (7)]
  7266 | Lair:1   | HP: 2/56 [wolf (6)]
  7280 | Lair:1   | 7280 ||| INVOKING Heroism.
  7285 | Lair:1   | Noticed a cane toad
  7286 | Lair:1   | HP: 4/56 [wolf (3)]
  7289 | Lair:1   | Reached skill level 18 in Ranged Weapons
  7290 | Lair:1   | Killed a cane toad
  7482 | Lair:1   | 7482 ||| INVOKING Heroism.
  7509 | Lair:1   | Noticed a black mamba
  7510 | Lair:1   | 7510 ||| INVOKING Heroism.
  7514 | Lair:1   | Killed a black mamba
  7539 | Lair:1   | Noticed a cane toad
  7541 | Lair:1   | 7541 ||| INVOKING Heroism.
  7542 | Lair:1   | Killed a cane toad
  7552 | Lair:1   | Reached XP level 11. HP: 63/63 MP: 14/16
  7608 | Lair:1   | 7608 ||| INVOKING Heroism.
  7615 | Lair:1   | Reached skill level 3 in Armour
  7797 | Lair:1   | 7797 ||| INVOKING Heroism.
  7799 | Lair:1   | Reached *** piety under Okawaru
  8080 | Lair:1   | Found a blossoming altar of Fedhas.
  8083 | Lair:1   | 8083 ||| INVOKING Heroism.
  8084 | Lair:1   | 8084 ||| READING scroll labelled WUATUC XI BOTY.
  8086 | Lair:1   | 8086 ||| FLEEEEING.
  8252 | Lair:1   | 8252 ||| READING 2 scrolls of identify.
  8252 | Lair:1   | 8252 ||| IDENTIFYING viscous black potion
  8253 | Lair:1   | 8253 ||| DROPPING potion of brilliance.
  8259 | Lair:2   | Noticed a death yak
  8259 | Lair:2   | Noticed a death yak
  8259 | Lair:2   | Noticed a death yak
  8259 | Lair:2   | Noticed a death yak
  8259 | Lair:2   | Noticed a death yak
  8260 | Lair:2   | 8260 ||| INVOKING Heroism.
  8262 | Lair:2   | HP: 16/64 [black mamba (8)]
  8263 | Lair:2   | 8263 ||| STAIRDANCE
  8265 | Lair:1   | HP: 7/64 [poisoned by a black mamba]
  8265 | Lair:1   | Mangled by a black mamba

Levels and vault maps discovered:
D:1:      lordsloth_arrival_two_stooges, layout_basic, minmay_misc_feat_cross
D:2:      layout_loops_ring, shapermc_ecumenical_altar_venn,
          hangedman_abyss_or_decor_lesser_grid, kennysheep_generic_room_15
D:3:      layout_basic, portal_sewer_entry_b, chequers_serial_rivers_small_a,
          nrook_mini_backslash, hex_tiny, uniq_robin
D:4:      layout_loops_ring, serial_shops, nicolae_stop_n_shop_1,
          uniq_blork_the_orc
D:5:      layout_rooms, fedhas_altar_4
D:6:      layout_rooms
D:7:      layout_gridville, mainiacjoe_overflow_alcove_4,
          lemuel_zombie_altar_yredelemnul, minmay_temple_entry_junction,
          uniq_pikel
D:8:      layout_loops_ring, david_lair_shrubbed, ebering_ghost_inner_flame,
          serial_shops, shop, enter_bailey_1
Temple:   nicolae_temple_bog_church
Lair:1:   layout_chaotic_city, lemuel_centaur_altar,
          infiniplex_staircase_pool_2, uniq_sonja
Lair:2:   beast_lair_carwin_large_4, layout_cellular_growth,
          minmay_shoals_entry_beasts, grunt_forest_large_clearings,
          serial_bayou_shore_b, lemuel_fruit_fields, grunt_megastairs_5

Skill      XL: |  1  2  3  4  5  6  7  8  9 10 11 |
---------------+----------------------------------+-----
Ranged Weapons | 6 7 8 9 10 12 14 16 18 | 18.0
Fighting       | 2 3 4 5 |  5.9
Armour         | 1 2 3 |  3.0
Dodging        | 3 5 6 8 |  8.2
Invocations    | 4 |  4.1
Stealth        | |  1.2

Action                     |  1- 3 |  4- 6 |  7- 9 | 10-12 || total
---------------------------+-------+-------+-------+-------++-------
   Fire: Shortbow          |    88 |    23 |       |       ||   111
         Hand crossbow     |       |   116 |   252 |     5 ||   373
         Arbalest          |       |       |       |   131 ||   131
 Invoke: Heroism           |       |       |     1 |    12 ||    13
    Use: Scroll            |     1 |     6 |     9 |     3 ||    19
         Potion            |     1 |     1 |     3 |       ||     5
 Armour: Leather armour    |     9 |     1 |       |       ||    10
         Ring mail         |       |    41 |    41 |    22 ||   104
         Acid dragon scale |       |       |    17 |       ||    17
         Skin              |       |       |     1 |       ||     1
  Dodge: Dodged            |    40 |    79 |    96 |    81 ||   296

Table legend:
 A = Non-vault XP
 B = Vault XP
 C = Vault XP percentage of total XP
 D = Non-vault monster count
 E = Vault monster count
 F = Vault count percentage of total count
                 A         B        C        D         E       F
            +---------+---------+-------+---------+---------+-------
      Total |   10699 |    2538 |  19.2 |     183 |      42 |  18.7
            +---------+---------+-------+---------+---------+-------
        D:1 |      50 |       0 |   0.0 |      23 |       0 |   0.0
        D:2 |      71 |       0 |   0.0 |      20 |       0 |   0.0
        D:3 |      78 |      70 |  47.3 |      16 |      19 |  54.3
        D:4 |     737 |      85 |  10.3 |      24 |       1 |   4.0
        D:5 |     255 |       0 |   0.0 |      12 |       0 |   0.0
        D:6 |    1155 |       0 |   0.0 |      24 |       0 |   0.0
        D:7 |     418 |     736 |  63.8 |       9 |       3 |  25.0
        D:8 |    2095 |     389 |  15.7 |      27 |       1 |   3.6
     Lair:1 |    5840 |     999 |  14.6 |      28 |       3 |   9.7
      Sewer |       0 |     259 | 100.0 |       0 |      15 | 100.0
            +---------+---------+-------+---------+---------+-------
